Map: Alcyone LE

Players

A.I. 1 (Very Easy) - Winner!

  • Race: Zerg Zerg
  • Spawn Location: 1:00

我是神

  • Race: Terran Terran
  • Spawn Location: 7:00

VOD

Have the link to the VOD?

Description

Time

  • Played on: July 27, 2024, 12:32 p.m.
  • Length: 5:46
Show
View Real Time Build Order
Export as new Build Order

A.I. 1 (Very Easy) Zerg - Winner!

Build Orders: Pool Only 

Get SALT Encoding   

  12  0:01  Drone  
  13  0:12  Overlord  
  13  0:16  Drone  
  14  0:36  Spawning Pool, Extractor  
  14  0:40  Drone  
  13  0:47  Drone  
  14  0:52  Overlord  
  14  1:22  Zergling x2  
  14  1:24  Queen  
  17  1:30  Roach Warren  
  16  1:34  Drone  
  16  1:39  Zergling x2, Extractor  
  17  1:43  Drone  
  18  1:56  Drone  
  18  1:57  Zergling x2  
  20  2:07  Drone  
  21  2:17  Drone  
  22  2:28  Drone  
  23  2:30  Overlord  
  23  2:35  Drone  
  24  2:42  Drone  
Show
View Real Time Build Order
Export as new Build Order

我是神 Terran 

Build Orders: Reaper Expand 

Get SALT Encoding   

  12  0:00  SCV  
  13  0:12  SCV  
  14  0:17  Supply Depot  
  14  0:24  SCV  
  15  0:39  SCV  
  15  0:40  Barracks  
  16  0:45  Refinery  
  16  0:51  SCV  
  17  1:03  SCV  
  18  1:15  SCV  
  19  1:28  Orbital Command  
  19  1:29  Reaper  
  20  1:38  Command Center  
  20  1:53  Barracks  
  21  2:01  Reaper  
  21  2:17  Command Center  
  21  2:21  SCV  
  22  2:27  Supply Depot  
  22  2:33  Reaper  
  22  2:34  Refinery  
  23  2:48  SCV, Reaper  
  25  2:52  Orbital Command  
  25  3:01  SCV  
  26  3:08  Factory  
  26  3:11  Marine  
  27  3:14  SCV  
  28  3:20  Marine  
  28  3:25  SCV  
  28  3:26  SCV  
  31  3:37  SCV  
  31  3:38  SCV  
  31  3:39  Barracks Reactor, Barracks Tech Lab  
  33  3:41  Orbital Command  
  33  3:50  SCV x2  
  33  3:51  Factory Tech Lab  
  33  3:55  Starport  
  35  3:59  Marine  
  35  4:02  Stimpack  
  36  4:03  SCV x2  
  36  4:09  Engineering Bay  
  38  4:13  Engineering Bay, SCV  
  38  4:15  SCV  
  40  4:25  Siege Tank  
  40  4:26  SCV  
  40  4:27  SCV x2  
  40  4:30  Marine x2  
  40  4:31  Refinery, Marine  
  48  4:35  Starport Reactor  
  49  4:42  Refinery  
  49  4:45  SCV x2  
  50  4:46  SCV  
  50  4:48  Marine  
  50  4:50  Marine x2  
  55  4:57  SCV x2  
  55  4:58  SCV  
  58  5:05  Supply Depot  
  58  5:07  Supply Depot  
  58  5:09  SCV  
  58  5:10  SCV x2  
  61  5:27  Marine x3, SCV x3  
  69  5:31  Supply Depot  
  69  5:32  Supply Depot  
  71  5:41  Barracks  
  74  5:43  Barracks  
  74  5:46  Barracks  
Tags
 
Add a new tag
Caveats
  • Supply blocks, unpowered buildings, or Contaminate may cause inaccurate times.
  • Supply counts are checked every 10 seconds.